 Dungeon Crawl Stone Soup version 0.17.0-28-g6e173f8 (webtiles) character file.

354556 HandofTrog the Brawler (level 21, -10/219 HPs)
             Began as a Troll Monk on Nov 27, 2015.
             Was an Elder of Cheibriados.
             Mangled by a titanic slime creature (84 damage)
             ... on level 1 of the Pits of Slime.
             The game lasted 05:09:45 (43955 turns).

HandofTrog the Brawler (Troll Monk)                Turns: 43955, Time: 05:09:45

Health: -10/219    AC: 18    Str: 44      XL:     21   Next: 35%
Magic:  18/27      EV: 19    Int: 15      God:    Cheibriados [****..]
Gold:   4253       SH: 14    Dex: 18 (19) Spells: 7 memorised, 4 levels left

rFire  + . .     SeeInvis +       - Unarmed
rCold  + . .     Clarity  .     i - +0 shadow dragon armour
rNeg   . . .     SustAt   .     B - +0 shield of Inference {rF+ rC+ Slay+2}
rPois  .         Gourm    +     E - +0 hat
rElec  .         Spirit   .     F - +2 cloak {+Inv}
rCorr  .         Warding  .     (gloves unavailable)
rMut   +         Rnd*Tele +     (boots unavailable)
MR     ++...                    K - amulet of resist mutation
Stlth  +++.......               f - ring of Jynux {EV+3 Str+3 SInv}
                                N - ring of protection from magic

@: very slightly contaminated, studying 2 skills, very slow, very resistant to
hostile enchantments, fairly stealthy
A: unfitting armour, claws 3, clumsy 1, fast metabolism 3, gourmand,
regeneration 2, shaggy fur 1, teleportitis 1, tough skin 2, subdued magic 2
a: Bend Time, Temporal Distortion, Slouch, Renounce Religion, Evoke Invisibility
}: 2/15 runes: decaying, gossamer


You were on level 1 of the Pits of Slime.
You worshipped Cheibriados.
Cheibriados was greatly pleased with you.
You were not hungry.

You visited 8 branches of the dungeon, and saw 41 of its levels.
You visited the Abyss 1 time.
You also visited: Bailey and Ice Cave.

You collected 4863 gold pieces.
You spent 515 gold pieces at shops.

Inventory:

Missiles
 h - 4 large rocks
 t - 23 tomahawks (quivered)
Armour
 i - a +0 shadow dragon armour (worn)
 B - the +0 shield of Inference (worn) {rF+ rC+ Slay+2}
   (You acquired it on level 1 of the Orcish Mines)

   It affects your accuracy and damage with ranged weapons and melee attacks
   (+2).
   It protects you from fire.
   It protects you from cold.
 E - a +0 hat (worn)
 F - a +2 cloak of invisibility (worn)
Jewellery
 f - the ring of Jynux (right claw) {EV+3 Str+3 SInv}
   (You found it on level 1 of the Spider Nest)

   [ring of evasion]

   It affects your evasion (+3).
   It affects your strength (+3).
   It lets you see invisible.
 u - the amulet of Charity {+Rage rPois rC+ rN+}
   (You found it in a bailey)

   [amulet of rage]

   It protects you from cold.
   It protects you from poison.
   It protects you from negative energy.
   It lets you go berserk.
 K - an amulet of resist mutation (around neck)
 N - a ring of protection from magic (left claw)
 P - an uncursed amulet of warding
Wands
 k - a wand of digging (2)
 X - a wand of disintegration (9)
Scrolls
 a - 9 scrolls of remove curse
 d - 5 scrolls of recharging
 r - 3 scrolls of fog
 z - 2 scrolls of silence
 A - 12 scrolls of teleportation
 H - a scroll of identify
 L - 4 scrolls of fear
 S - 2 scrolls of holy word
 W - 4 scrolls of enchant armour
Potions
 g - 3 potions of flight
 l - 2 potions of agility
 o - 2 potions of resistance
 x - a potion of might
 Y - 2 potions of cancellation
Books
 m - a manual of Necromancy
 v - a manual of Stealth
Comestibles
 b - 16 bread rations
 C - 15 royal jellies


   Skills:
 - Level 15.6 Fighting
 - Level 10.3 Throwing
 + Level 4.0 Armour
 - Level 12.2 Dodging
 - Level 1.1 Stealth
 - Level 10.3 Shields
 - Level 20.1 Unarmed Combat
 - Level 3.5 Spellcasting
 - Level 3.5 Charms
 - Level 3.4 Necromancy
 - Level 1.8 Translocations
 - Level 10.0 Invocations


You had 4 spell levels left.
You knew the following spells:

 Your Spells              Type           Power        Failure   Level  Hunger
a - Shroud of Golubria    Chrm/Tloc      #.........   9%          2    ##.....
b - Regeneration          Chrm/Necr      #.........   21%         3    ###....
c - Phase Shift           Tloc           #.........   100%        5    ######.
d - Deflect Missiles      Chrm/Air       #.........   100%        6    #######
e - Silence               Hex/Air        #.........   100%        5    ######.
f - Apportation           Tloc           #.........   9%          1    None
g - Summon Butterflies    Summ           #.......     41%         1    None


Dungeon Overview and Level Annotations

Branches:
Dungeon (15/15)            Temple (1/1) D:6            Lair (8/8) D:8
  Swamp (4/4) Lair:3       Spider (4/4) Lair:6        Slime (2/6) Lair:7
    Orc (4/4) D:10            Elf (3/3) Orc:3        Vaults (0/5) D:14
 Depths (0/5) D:15

Altars:
Ashenzari
Cheibriados
Dithmenos
Elyvilon
Fedhas
Gozag
Kikubaaqudgha
Makhleb
Nemelex Xobeh
Okawaru
Trog
Yredelemnul
The Shining One
Beogh

Shops:
D:10 (   D:12 [   Orc:4 ?(=%%[%   Elf:3 [

Portals:
Hell: Lair:8
Trove: D:10 (give 14 scrolls of teleportation)


Innate Abilities, Weirdness & Mutations

You are too large for most types of armour.
You have claws for hands.
Your metabolism is lightning-fast.
You like to eat raw meat.
You heal very quickly.
You are covered in fur (AC +1).
You have very tough skin (AC +2).
You are clumsy. (Dex -2)
You are occasionally teleported to nearby monsters.
Your spells are easier to cast, but less powerful.


Message History

The enormous slime creature is moderately wounded.
Your acid blob spits acid at the enormous slime creature.
The splash of acid hits the slime creature.
The acid corrodes the slime creature!
Your enormous slime creature barely misses the enormous slime creature.
Two slime creatures merge to form a titanic slime creature.
You mangle the titanic slime creature!!
The titanic slime creature is moderately wounded.
The titanic slime creature barely misses you.
You mangle the titanic slime creature!!
The titanic slime creature is heavily wounded.
Your acid blob dissolves into shadows!
Your enormous slime creature hits the titanic slime creature!!!
A very large slime creature splits.
Two slime creatures merge to form a large slime creature.
Your great orb of eyes bites the titanic slime creature.
You barely miss the titanic slime creature.
The titanic slime creature is severely wounded.
The titanic slime creature hits you!!!!
You die...

......#..##.#.##
#.#...#..#.....###
##...#........##.#
......#......##... #
...#.........#...###.#
.##...................
#............# .......
....##.JJ....##......#
......J@JJ....#.......
........JG...........#
.#..............##...#
.................# #
.........#.......#
................#..
.......#.⌠.#...#....#
#..............#..###
.... ...#........# ##


You could see a titanic slime creature, a friendly great orb of eyes, a friendly
enormous slime creature, 2 friendly large slime creatures, a friendly slime
creature and a friendly jelly.

Vanquished Creatures
  Nikola (Swamp:1)
  Arachne (Spider:3)
  Jorgrun (Swamp:2)
  Rupert (Lair:7)
  Asterion (Elf:1)
  2 deep elf blademasters (Elf:3)
  2 deep elf master archers (Elf:3)
  An acid blob (Slime:1)
  Frances (D:12)
  3 thorn hunters
  Roxanne (Swamp:1)
  4 ghost moths (Spider:4)
  Maud (Lair:3)
  A frost giant (IceCv)
  4 deep elf sorcerers
  Louise (Swamp:3)
  9 emperor scorpions
  8 deep elf demonologists
  10 deep elf annihilators (Elf:3)
  The ghost of Nicoed the Fighter, a journeyman DrTm of Makhleb (Lair:5)
  Snorg (D:11)
  A vault guard (D:10)
  2 fire dragons (D:15)
  7 deep elf death magi (Elf:3)
  Josephine (Swamp:1)
  3 deep elf high priests
  Erolcha (Orc:1)
  5 entropy weavers
  An ice dragon (D:13)
  33 hydras
  The ghost of M4edhros the Unseen, a journeyman OpWn of Fedhas (Lair:1)
  2 ghost crabs
  A hell beast (Lair:8)
  The ghost of 4thArraOfDagon the Cleaver, a novice MiBe of Trog (Orc:4)
  9 centaur warriors
  16 dancing weapons
  12 alligators
  The ghost of M4edhros the Covert, a journeyman OpWn of Fedhas (Orc:4)
  A tengu warrior (D:15)
  A queen ant (Lair:5)
  7 orc high priests (Orc:4)
  The ghost of 4thArraOfDagon the Cleaver, a novice MiBe of Trog (Lair:5)
  21 deep elf knights
  9 swamp dragons
  2 unseen horrors
  7 hill giants
  9 deep elf summoners
  A lindwurm (Lair:7)
  2 shambling mangroves (Swamp:3)
  22 deep elf conjurers
  An orc knight (Bailey)
  2 wizards
  35 wolf spiders
  A manticore (D:13)
  27 orb spiders
  4 griffons
  6 hornets
  5 ugly things
  3 shining eyes (Slime:1)
  3 cyclopes
  A water nymph (shapeshifter) (D:14)
  3 centaur zombies
  Maurice (Orc:1)
  10 elephants
  2 moths of wrath (Spider:1)
  3 black mambas
  An ice statue (D:13)
  An eye of devastation (Slime:1)
  A torpor snail (Spider:3)
  An orange demon (Lair:8)
  3 centaur skeletons
  20 spiny frogs
  4 fire drakes
  13 demonic crawlers
  A tengu conjurer (D:15)
  10 komodo dragons
  2 efreet
  A hellwing (Lair:8)
  6 spriggan druids
  A freezing wraith (D:15)
  A kobold demonologist (D:13)
  3 two-headed ogres
  3 red devils (Lair:8)
  39 jumping spiders
  A queen bee (Spider:1)
  5 trolls
  12 deep elf priests
  20 polar bears
  12 blink frogs
  7 giant leeches
  5 blue devils (Lair:8)
  38 slime creatures
  5 boulder beetles
  3 spriggans
  8 bog bodies
  41 tarantellas
  37 yaks
  Sigmund (D:6)
  18 trapdoor spiders
  A vampire (D:15)
  34 deep elf magi
  6 wraiths
  2 water elementals
  3 basilisks
  63 redbacks
  3 hungry ghosts
  2 shadows
  12 hippogriffs
  35 deep elf fighters
  A wyvern (D:14)
  9 golden eyes (Slime:1)
  48 vampire mosquitoes
  A mottled dragon (shapeshifter) (Elf:1)
  37 wolves
  6 wargs
  6 soldier ants
  33 swamp worms
  10 porcupines
  11 insubstantial wisps (Swamp:2)
  18 water moccasins
  12 swamp drakes
  A hornet simulacrum (D:14)
  19 orc warriors
  8 wasps
  4 sky beasts
  2 black bears
  37 spiders
  11 ice beasts
  A necrophage (D:10)
  10 ogres
  17 centaurs
  3 eyes of draining
  15 crocodiles
  3 big kobolds
  24 giant frogs
  The ghost of coffecat the Covert, an amateur SpAs of Nemelex Xobeh (D:5)
  A gnoll sergeant (D:7)
  A wyvern skeleton (D:10)
  2 scorpions
  27 killer bees
  5 small abominations
  14 wights
  8 electric eels
  11 crimson imps
  41 orc priests
  6 starcursed masses (Abyss:1)
  9 jellies
  A quasit (D:6)
  2 hounds
  2 giant frog skeletons
  34 orc wizards
  Terence (D:3)
  17 worker ants
  16 iguanas
  A killer bee zombie (D:10)
  22 sheep
  2 hound zombies
  A hound skeleton (D:6)
  A worker ant zombie (D:9)
  4 gnolls
  12 adders
  33 river rats
  6 shadow imps
  14 white imps
  An ooze (D:5)
  An adder skeleton (D:8)
  5 worms (Spider:2)
  3 giant geckos
  168 orcs
  17 bats
  6 goblins
  6 hobgoblins
  3 jackals (D:2)
  6 quokkas
  4 ball pythons
  5 giant cockroaches
  A giant gecko skeleton (D:4)
  9 giant newts
  36 kobolds
  18 rats
  A spectral orc (D:6)
  6 crawling corpses
  A fungus (D:1)
  2 plants (Spider:2)
1768 creatures vanquished.

Vanquished Creatures (collateral kills)
  A wolf spider (Spider:1)
  2 slime creatures (Slime:1)
3 creatures vanquished.

Vanquished Creatures (others)
  A deep elf high priest (Elf:3)
  A spriggan druid (Swamp:4)
  A deep elf summoner (Elf:2)
  A redback (Spider:3)
  2 deep elf magi
  A big kobold (Spider:1)
  22 fungi
  29 plants
58 creatures vanquished.

Grand Total: 1829 creatures vanquished

Notes
Turn   | Place    | Note
--------------------------------------------------------------
     0 | D:1      | HandofTrog the Troll Monk began the quest for the Orb.
     0 | D:1      | Reached XP level 1. HP: 22/22 MP: 0/0
   157 | D:1      | Reached XP level 2. HP: 29/29 MP: 1/1
   747 | D:2      | Reached XP level 3. HP: 16/36 MP: 2/2
  1247 | D:2      | Reached skill level 1 in Shields
  1345 | D:3      | Found an ancient bone altar of Kikubaaqudgha.
  1349 | D:3      | Reached XP level 4. HP: 44/44 MP: 3/3
  1401 | D:3      | Found a faded altar to an unknown god.
  1688 | D:3      | Reached skill level 5 in Unarmed Combat
  1688 | D:3      | Reached XP level 5. HP: 29/53 MP: 4/4
  1809 | D:3      | Noticed Terence
  1821 | D:3      | Killed Terence
  2106 | D:4      | Reached XP level 6. HP: 48/61 MP: 5/5
  2627 | D:5      | Entered Level 5 of the Dungeon
  2652 | D:5      | Found a shadowy altar of Dithmenos.
  2653 | D:5      | Found an iron altar of Okawaru.
  2821 | D:5      | Noticed coffecat's ghost (amateur SpAs)
  2823 | D:5      | Found a sparkling altar of Nemelex Xobeh.
  2853 | D:5      | Killed coffecat's ghost
  2853 | D:5      | Reached skill level 6 in Unarmed Combat
  3058 | D:5      | Found an opulent altar of Gozag.
  3165 | D:5      | Reached XP level 7. HP: 67/67 MP: 6/6
  3525 | D:5      | Found a bloodstained altar of Trog.
  4013 | D:6      | Reached skill level 7 in Unarmed Combat
  4043 | D:6      | Reached XP level 8. HP: 64/78 MP: 7/7
  4059 | D:6      | Found a staircase to the Ecumenical Temple.
  4082 | Temple   | Entered the Ecumenical Temple
  4086 | Temple   | Became a worshipper of Cheibriados the Contemplative
  4086 | Temple   | Reached * piety under Cheibriados
  4086 | Temple   | Reached ** piety under Cheibriados
  4226 | D:6      | Reached skill level 8 in Unarmed Combat
  4309 | D:6      | Found a basalt altar of Yredelemnul.
  4381 | D:6      | Noticed Sigmund
  4392 | D:6      | Killed Sigmund
  4516 | D:6      | Reached skill level 9 in Unarmed Combat
  4580 | D:7      | Found an opulent altar of Gozag.
  4674 | D:7      | Reached skill level 10 in Unarmed Combat
  4674 | D:7      | Reached XP level 9. HP: 72/84 MP: 8/8
  4691 | D:7      | Found a flagged portal.
  4713 | Bailey   | Entered a bailey
  4734 | Bailey   | Reached *** piety under Cheibriados
  4871 | Bailey   | Noticed an orc knight
  4884 | Bailey   | Killed an orc knight
  4884 | Bailey   | Reached skill level 5 in Shields
  5092 | Bailey   | Found an iron altar of Okawaru.
  5103 | Bailey   | Got a sparkling jade amulet
  5193 | D:7      | Identified the amulet of Charity {+Rage rPois rC+ rN+} (You found it in a bailey)
  5370 | D:7      | Reached **** piety under Cheibriados
  5723 | D:8      | Reached XP level 10. HP: 73/92 MP: 9/9
  5791 | D:8      | Reached ***** piety under Cheibriados
  5985 | D:8      | Found a staircase to the Lair.
  6467 | Lair:1   | Entered Level 1 of the Lair of Beasts
  6665 | Lair:1   | Reached skill level 5 in Fighting
  6722 | Lair:1   | Noticed M4edhros's ghost (journeyman OpWn)
  6743 | Lair:1   | Killed M4edhros's ghost
  7037 | Lair:1   | Reached XP level 11. HP: 88/109 MP: 10/10
  8346 | Lair:3   | Reached ****** piety under Cheibriados
  8490 | Lair:3   | Found a frozen archway.
  8515 | IceCv    | Entered an ice cave
  8804 | IceCv    | Reached skill level 10 in Fighting
  8951 | IceCv    | Reached skill level 5 in Dodging
  9172 | IceCv    | Noticed a frost giant
  9191 | IceCv    | Killed a frost giant
  9191 | IceCv    | Reached XP level 12. HP: 64/127 MP: 11/11
  9323 | IceCv    | Got a twisted battleaxe
  9782 | Lair:3   | Noticed Maud
  9790 | Lair:3   | Killed Maud
  9936 | Lair:3   | Found a staircase to the Swamp.
 10720 | Lair:4   | Reached skill level 10 in Dodging
 11109 | Lair:4   | Noticed a six-headed hydra
 11119 | Lair:4   | Killed an 11-headed hydra
 11439 | Lair:4   | Reached skill level 1 in Invocations
 11544 | Lair:5   | Noticed a four-headed hydra
 11553 | Lair:5   | Killed a ten-headed hydra
 11773 | Lair:5   | Reached XP level 13. HP: 133/135 MP: 14/14
 11794 | Lair:5   | Noticed 4thArraOfDagon's ghost (novice MiBe)
 11820 | Lair:5   | Killed 4thArraOfDagon's ghost
 11999 | Lair:5   | Reached skill level 5 in Invocations
 12455 | Lair:5   | Noticed Nicoed's ghost (journeyman DrTm)
 12498 | Lair:5   | Killed Nicoed's ghost
 14074 | Lair:6   | Found a hole to the Spider Nest.
 14338 | Lair:6   | Found a white marble altar of Elyvilon.
 14634 | Lair:7   | Found a staircase to the Slime Pits.
 14644 | Lair:7   | Reached skill level 10 in Invocations
 14726 | Lair:7   | Noticed Rupert
 14746 | Lair:7   | Killed Rupert
 14756 | Lair:7   | Reached XP level 14. HP: 100/144 MP: 20/20
 15326 | Lair:8   | Entered Level 8 of the Lair of Beasts
 15743 | Lair:8   | Found a burning altar of Makhleb.
 16422 | Lair:8   | Reached skill level 11 in Dodging
 16489 | Lair:8   | Found a gateway to Hell.
 16520 | Lair:8   | Got a bloodstained large shield
 16535 | Lair:8   | Identified the +1 large shield of Philately {Str+4 Int+4 Slay-4 SInv} (You found it on level 8 of the Lair of Beasts)
 16807 | Lair:3   | Identified the +2 battleaxe of the Gnat {chop, rPois Str+5 Dex+4 Stlth-} (You found it in an ice cave)
 17700 | D:9      | Learned a level 2 spell: Shroud of Golubria
 17704 | D:9      | Learned a level 3 spell: Regeneration
 17726 | D:10     | Entered Level 10 of the Dungeon
 17820 | D:10     | Found a staircase to the Orcish Mines.
 17837 | D:10     | Got a polished whip
 17896 | D:10     | Found Buhin's Weapon Shoppe.
 18071 | D:10     | Reached skill level 1 in Necromancy
 18228 | D:10     | Found a portal to a secret trove of treasure.
 18291 | Orc:1    | Entered Level 1 of the Orcish Mines
 18291 | Orc:1    | Noticed Maurice
 18301 | Orc:1    | Killed Maurice
 18818 | Orc:1    | Noticed Erolcha
 18828 | Orc:1    | Killed Erolcha
 19108 | Orc:1    | Identified a scroll of acquirement
 19109 | Orc:1    | Got a translucent shield
 19120 | Orc:1    | Identified the +0 shield of Inference {rF+ rC+ Slay+2} (You acquired it on level 1 of the Orcish Mines)
 19224 | Orc:3    | Found a staircase to the Elven Halls.
 19679 | Orc:4    | Entered Level 4 of the Orcish Mines
 19679 | Orc:4    | Found Lukim's Jewellery Shop.
 19724 | Orc:4    | Noticed 4thArraOfDagon's ghost (novice MiBe)
 19735 | Orc:4    | Killed 4thArraOfDagon's ghost
 19806 | Orc:4    | Found Hacs's Food Boutique.
 19879 | Orc:4    | Found Essukom's Food Shoppe.
 20236 | Orc:4    | Reached skill level 12 in Unarmed Combat
 20245 | Orc:4    | Found a roughly hewn altar of Beogh.
 20265 | Orc:4    | Noticed M4edhros's ghost (journeyman OpWn)
 20275 | Orc:4    | Killed M4edhros's ghost
 20282 | Orc:4    | Found Wufytiecw's Armour Boutique.
 20282 | Orc:4    | Found Jeggomm's Food Shoppe.
 20308 | Orc:4    | Bought a +0 hat for 68 gold pieces
 20384 | Orc:4    | Found Muplur's Antique Weapon Boutique.
 20408 | Orc:4    | Found Lecwatec's Magic Scroll Shoppe.
 20623 | Orc:4    | Bought a scroll of identify for 26 gold pieces
 20623 | Orc:4    | Bought a scroll of enchant armour for 97 gold pieces
 20623 | Orc:4    | Bought a scroll of identify for 26 gold pieces
 20623 | Orc:4    | Bought a scroll of silence for 97 gold pieces
 20623 | Orc:4    | Bought a scroll of magic mapping for 45 gold pieces
 20623 | Orc:4    | Bought a scroll of identify for 26 gold pieces
 20623 | Orc:4    | Bought a scroll of identify for 26 gold pieces
 20623 | Orc:4    | Bought 3 scrolls of identify for 78 gold pieces
 20623 | Orc:4    | Bought a scroll of identify for 26 gold pieces
 20705 | Orc:4    | Identified the +6 whip of the Pure Wishes {holy, *Corrode +Rage rElec MR+++} (You found it on level 10 of the Dungeon)
 20945 | D:11     | Got a crude robe
 20956 | D:11     | Identified the cursed +1 robe of the Tundras {rElec Str+5} (You found it on level 11 of the Dungeon)
 20980 | D:11     | Noticed Snorg
 21005 | D:11     | Killed Snorg
 21005 | D:11     | Reached XP level 15. HP: 69/153 MP: 21/21
 21966 | D:12     | Noticed Frances
 21979 | D:12     | Killed Frances
 22108 | D:12     | Found Porutzi's Armour Shoppe.
 22410 | D:12     | Reached skill level 1 in Charms
 23124 | D:13     | Reached skill level 1 in Spellcasting
 23188 | D:13     | Found a blossoming altar of Fedhas.
 23347 | D:13     | Got a translucent war axe
 23666 | D:13     | Identified the +4 war axe "Mereante" {venom, rPois Dex+3} (You found it on level 13 of the Dungeon)
 23673 | D:13     | Reached XP level 16. HP: 162/162 MP: 22/22
 23674 | D:13     | Reached skill level 5 in Throwing
 23674 | D:13     | Reached XP level 17. HP: 170/170 MP: 23/23
 24235 | D:14     | Found a gate to the Vaults.
 24900 | D:14     | Reached skill level 13 in Unarmed Combat
 25250 | D:15     | Entered Level 15 of the Dungeon
 25308 | D:15     | Got a slimy morningstar
 25506 | D:15     | Found a staircase to the Depths.
 25794 | D:15     | Reached skill level 10 in Shields
 26315 | Lair:3   | Learned a level 5 spell: Phase Shift
 26315 | Lair:3   | Identified the cursed +1 morningstar "Xuamp" {crush, rN+ Int+6} (You found it on level 15 of the Dungeon)
 26551 | Spider:1 | Entered Level 1 of the Spider Nest
 26552 | Spider:1 | Hired Ipaittan the big kobold for 95 gold.
 26572 | Spider:1 | Got a translucent amber ring
 26703 | Spider:1 | Your ally Ipaittan died
 26830 | Lair:6   | Learned a level 6 spell: Deflect Missiles
 26836 | Lair:6   | Learned a level 5 spell: Silence
 26838 | Lair:6   | Identified the ring of Jynux {EV+3 Str+3 SInv} (You found it on level 1 of the Spider Nest)
 26846 | Spider:1 | Reached skill level 1 in Translocations
 27429 | Spider:1 | Reached XP level 18. HP: 161/180 MP: 15/24
 28052 | Spider:2 | Reached skill level 14 in Unarmed Combat
 29324 | Spider:3 | Reached skill level 15 in Unarmed Combat
 29515 | Spider:3 | Noticed Arachne
 29544 | Spider:3 | Killed Arachne
 29851 | Spider:3 | Reached skill level 16 in Unarmed Combat
 30115 | Spider:3 | Got a smoking large shield
 30126 | Spider:3 | Identified the +0 large shield of Rilec {-Cast Dex+7 Stlth+} (You acquired it on level 3 of the Spider Nest)
 30488 | Spider:3 | Got an ichor-stained war axe
 31505 | Swamp:1  | Entered Level 1 of the Swamp
 31505 | Swamp:1  | Noticed Nikola
 31508 | Swamp:1  | Killed Nikola
 31508 | Swamp:1  | Reached skill level 17 in Unarmed Combat
 31516 | Swamp:1  | Noticed Roxanne
 31534 | Swamp:1  | Killed Roxanne
 31536 | Swamp:1  | Identified Roxanne's Catalogue of the Mutagenic Mountains (You took it off Roxanne on level 1 of the Swamp)
 31851 | Swamp:1  | Noticed Josephine
 31873 | Swamp:1  | Killed Josephine
 32413 | Swamp:2  | Reached XP level 19. HP: 166/188 MP: 25/25
 32686 | Swamp:2  | Reached skill level 18 in Unarmed Combat
 32715 | Swamp:2  | Found a shadowy altar of Dithmenos.
 32911 | Swamp:2  | Noticed Jorgrun
 32949 | Swamp:2  | Killed Jorgrun
 33677 | Swamp:3  | Noticed Louise
 33693 | Swamp:3  | Cast into the Abyss (Louise)
 33821 | Swamp:3  | Escaped the Abyss
 33830 | Swamp:3  | Killed Louise
 34014 | Swamp:3  | Reached skill level 19 in Unarmed Combat
 34890 | Spider:4 | Entered Level 4 of the Spider Nest
 36063 | Spider:4 | Reached skill level 20 in Unarmed Combat
 36845 | Spider:4 | Got a gossamer rune of Zot
 37262 | Lair:3   | Gained mutation: Your flesh is cold resistant. [potion of beneficial mutation]
 37418 | Swamp:4  | Entered Level 4 of the Swamp
 37605 | Swamp:3  | Reached XP level 20. HP: 194/201 MP: 26/26
 38286 | Swamp:4  | Got a decaying rune of Zot
 38600 | Elf:1    | Entered Level 1 of the Elven Halls
 38743 | Elf:1    | Noticed Asterion
 39257 | Elf:1    | Killed Asterion
 39489 | Elf:2    | Got a tattered robe
 39495 | Elf:2    | Identified the cursed +1 robe of the Blessed Realm {Slay+2} (You found it on level 2 of the Elven Halls)
 39856 | Elf:2    | Found a runed gate.
 39856 | Elf:2    | Found a runed gate.
 39866 | Elf:2    | Found a runed gate.
 40671 | Elf:3    | Entered Level 3 of the Elven Halls
 40766 | Elf:3    | Found Piyrchie's Armour Shoppe.
 41475 | Elf:3    | Reached skill level 15 in Fighting
 41650 | Elf:3    | Reached XP level 21. HP: 152/218 MP: 27/27
 41970 | Elf:3    | Reached skill level 10 in Throwing
 41982 | Elf:3    | Got a shadowed robe
 42235 | Elf:3    | Identified the cursed +1 robe of Disappointment {MR+ Int+2} (You took it off a deep elf demonologist on level 3 of the Elven Halls)
 43063 | Lair:3   | Learned a level 1 spell: Apportation
 43065 | Lair:3   | Learned a level 1 spell: Summon Butterflies
 43204 | Lair:7   | Reached skill level 1 in Armour
 43279 | Slime:1  | Entered Level 1 of the Pits of Slime
 43291 | Slime:1  | Gained mutation: Scrolls take you a little longer to read. [a shining eye]
 43293 | Slime:1  | Gained mutation: Your magical capacity is low (-10% MP). [a shining eye]
 43298 | Slime:1  | Gained mutation: You are occasionally teleported to nearby monsters. [a shining eye]
 43298 | Slime:1  | Gained mutation: Your spells are a little easier to cast, but a little less powerful. [a shining eye]
 43795 | Slime:1  | Gained mutation: Your spells are easier to cast, but less powerful. [a shining eye]
 43797 | Slime:1  | Gained mutation: You are dopey. (Int -2) [a shining eye]
 43799 | Slime:1  | Gained mutation: Your spells are much easier to cast, but much less powerful. [a shining eye]
 43800 | Slime:1  | Gained mutation: You are resistant to hostile enchantments. [a shining eye]
 43845 | Slime:1  | Gained mutation: Your body sometimes deteriorates upon taking damage. [a shining eye]
 43857 | Slime:1  | Gained mutation: You are clumsy. (Dex -2) [a shining eye]
 43864 | Slime:1  | Gained mutation: Armour fits poorly on your strangely shaped body. [a shining eye]
 43868 | Slime:1  | Gained mutation: You are very dopey. (Int -4) [a shining eye]
 43873 | Slime:1  | HP: 6/219 [acid (7)]
 43904 | Slime:1  | Lost mutation: Your body sometimes deteriorates upon taking damage. [potion of cure mutation]
 43904 | Slime:1  | Lost mutation: Armour fits poorly on your strangely shaped body. [potion of cure mutation]
 43904 | Slime:1  | Lost mutation: Your magical capacity is low (-10% MP). [potion of cure mutation]
 43904 | Slime:1  | Lost mutation: Scrolls take you a little longer to read. [potion of cure mutation]
 43905 | Slime:1  | Lost mutation: You are clumsy. (Dex -2) [potion of cure mutation]
 43905 | Slime:1  | Lost mutation: You are very dopey. (Int -4) [potion of cure mutation]
 43905 | Slime:1  | Lost mutation: You are resistant to hostile enchantments. [potion of cure mutation]
 43905 | Slime:1  | Lost mutation: Your spells are much easier to cast, but much less powerful. [potion of cure mutation]
 43905 | Slime:1  | Lost mutation: Your flesh is cold resistant. [potion of cure mutation]
 43905 | Slime:1  | Lost mutation: You are dopey. (Int -2) [potion of cure mutation]
 43932 | Slime:1  | Gained mutation: You are clumsy. (Dex -2) [a shining eye]
 43955 | Slime:1  | Mangled by a titanic slime creature

Action                   |  1- 3 |  4- 6 |  7- 9 | 10-12 | 13-15 | 16-18 | 19-21 || total
-------------------------+-------+-------+-------+-------+-------+-------+-------++-------
Melee: Unarmed           |   124 |   147 |   298 |   606 |  1453 |  1003 |  1307 ||  4938
Throw: Stone             |       |       |    59 |       |       |       |       ||    59
       Tomahawk          |       |       |     7 |     7 |    17 |    90 |   199 ||   320
       Large rock        |       |       |       |       |       |     2 |     4 ||     6
 Cast: Shroud of Golubri |       |       |       |       |       |     3 |     1 ||     4
       Regeneration      |       |       |       |       |       |     3 |       ||     3
Invok: Bend Time         |       |       |     1 |     8 |    11 |     8 |     7 ||    35
       Slouch            |       |       |       |       |    20 |    17 |    21 ||    58
       Temporal Distorti |       |       |       |       |     1 |       |     4 ||     5
       Step From Time    |       |       |       |       |     1 |       |     2 ||     3
Evoke: Wand              |       |       |       |     4 |     8 |    10 |     7 ||    29
       Deck              |       |       |       |       |     2 |     1 |       ||     3
  Use: Scroll            |     7 |     4 |     6 |     7 |    19 |    10 |    21 ||    74
       Potion            |       |     1 |       |     3 |    11 |     6 |    14 ||    35
 Stab: Sleeping          |     1 |     4 |     6 |     7 |    19 |     2 |     6 ||    45
       Distracted        |       |       |     1 |     3 |     7 |     1 |     4 ||    16
       Invisible         |       |       |       |       |       |     2 |       ||     2
       Held in net/web   |       |       |       |       |       |       |     3 ||     3
  Eat: Chunk             |    14 |    12 |    29 |    31 |    88 |    39 |    50 ||   263
       Bread ration      |       |       |     1 |     2 |       |     4 |     7 ||    14
